 Dungeon Crawl Stone Soup version 0.27-a0-1189-gb8eb6cee8e (webtiles) character file.

Game seed: 9569886357450645316

1230 siradein the Slicer (level 8, 0/55 HPs)
             Began as a Vampire Gladiator on May 22, 2021.
             Succumbed to a hornet's poison
             ... on level 8 of the Dungeon.
             The game lasted 00:24:09 (6777 turns).

siradein the Slicer (Vampire Gladiator)             Turns: 6777, Time: 00:24:09

Health: 0/55       AC:  6    Str: 13    XL:     8   Next: 24%
Magic:  8/8        EV: 11    Int: 11    God:
Gold:   302        SH:  0    Dex: 17    Spells: 7/7 levels left

rFire    . . .     SeeInvis +   w - +3 short sword
rCold    . . .     Faith    .   (no shield)
rNeg     . . .     Spirit   .   b - +0 ring mail
rPois    .         Reflect  .   c - +0 helmet
rElec    .         Harm     .   (no cloak)
rCorr    +         Rampage  .   (no gloves)
Will     .....                  (no boots)
Stlth    +.........             (no amulet)
HPRegen  0.38/turn              t - ring of resist corrosion
MPRegen  0.11/turn              (no ring)

@: mighty, lethally poisoned (0 -> -2), healing quickly, slowed, very slow
A: alive, fangs 3, see invisible, vampiric 2
a: Exsanguinate


You were on level 8 of the Dungeon.
You visited 2 branches of the dungeon, and saw 7 of its levels.

You collected 302 gold pieces.

Inventory:

Hand Weapons
 a - a +0 rapier
 u - a +0 shortbow
 w - a +3 short sword (weapon)
Missiles
 d - 3 throwing nets
 g - 149 stones (quivered)
 i - 10 poisoned darts
 l - 3 boomerangs of dispersal
 v - 21 arrows
Armour
 b - a +0 ring mail (worn)
 c - a +0 helmet (worn)
Jewellery
 t - a ring of resist corrosion (left hand)
Wands
 j - a wand of paralysis (7)
Scrolls
 f - 2 scrolls of blinking {unknown}
 h - 8 scrolls of identify
 m - a scroll of magic mapping {unknown}
 o - a scroll of fear {unknown}
 p - a scroll of enchant armour {unknown}
Potions
 n - 2 potions of curing
 q - a potion of attraction
 r - a potion of magic
 s - a potion of heal wounds


   Skills:
 - Level 1.7 Fighting
 + Level 11.2 Short Blades
 - Level 1.5 Throwing
 - Level 3.2 Dodging


You had 7 spell levels left.
You didn't know any spells.
Your spell library contained the following spells:

 Spells                   Type           Power      Damage    Failure   Level
 Animate Skeleton         Necr           0%         N/A       61%         1
 Apportation              Tloc           0%         N/A       61%         1
 Corona                   Hex            0%         N/A       61%         1
 Sting                    Tmut/Pois      0%         1d3       61%         1
 Summon Small Mammal      Summ           0%         N/A       61%         1
 Poisonous Vapours        Pois/Air       0%         N/A       75%         2
 Ignite Poison            Fire/Tmut/Pois 0%         N/A       93%         3
 Mephitic Cloud           Conj/Pois/Air  0%         N/A       93%         3
 Olgreb's Toxic Radiance  Pois           0%         N/A       100%        4


Dungeon Overview and Level Annotations

Branches:
Dungeon (5/15)             Temple (1/1) D:4

Altars:
Dithmenos
Elyvilon
Fedhas
Gozag
Makhleb
Nemelex Xobeh
Okawaru
Qazlal
Sif Muna
Trog
Uskayaw
Vehumet
Xom
The Shining One

Annotations:
D:8 3 runed translucent doors, NateTC's ghost, novice GrFi


Innate Abilities, Weirdness & Mutations

Your natural rate of healing is accelerated.
You have razor-sharp teeth.
You have supernaturally acute eyesight. (SInv)
You are afflicted with vampirism and can become a bat while bloodless.


Message History

You feel yourself slow down.
You hit the hornet.
The hornet is lightly wounded.
You feel yourself speed up. The hornet stings you.
You feel yourself slow down. The ice beast misses you. The hornet misses you.
You puncture the hornet!
The hornet is moderately wounded.
You feel yourself speed up. The ice beast hits you. The ice beast freezes you!
The hornet stings you!
You are poisoned.
You feel yourself slow down.
You barely miss the hornet. You bite the hornet.
The hornet is heavily wounded.
You feel sick.
The hornet stings you but does no damage.
The ice beast closely misses you.
You hit the hornet.
The hornet is heavily wounded.
You feel sick. The hornet barely misses you.
The ice beast hits you but does no damage.
You closely miss the hornet. Your bite misses the hornet.
The hornet is heavily wounded.
You feel yourself speed up.
You feel sick. The hornet stings you!
* * * LOW HITPOINT WARNING * * *
You feel yourself slow down. The hornet barely misses you.
You completely miss the hornet.
The hornet is heavily wounded.
You feel sick. The ice beast barely misses you. The hornet stings you!
* * * LOW HITPOINT WARNING * * *
You feel as though you will be slow longer.
You miss the hornet.
The hornet is heavily wounded.
* * * LOW HITPOINT WARNING * * *
You feel sick. The ice beast closely misses you.
The hornet stings you but does no damage.
You puncture the hornet!
The hornet is almost dead.
You die...

### ###### #.( ##
##...# #.# ..
.....# #.#
#######.#####
##...# #.#
#...Y@yo....#
###.##
#.###.#####.###.#
#.####.##.#.# #
#........###..
######.##.# ###
#.# #/# #.###.##
#...#.. #####
###......


You could see a hornet, an ice beast and an orc.

Vanquished Creatures
  A black bear (D:5)
  An ogre (D:5)
  3 centaurs
  A kobold brigand (D:8)
  A gnoll sergeant (D:5)
  A scorpion (D:4)
  A water moccasin zombie (D:5)
  A wyvern skeleton (D:5)
  2 orc priests
  2 hounds
  2 orc wizards (D:5)
  2 iguanas (D:5)
  Natasha (thrice) (D:3)
  6 adders
  4 gnolls
  2 howler monkey skeletons
  A dart slug (D:3)
  16 orcs
  8 ball pythons
  7 endoplasms
  3 giant cockroaches
  8 goblins
  7 hobgoblins
  4 jackals
  15 kobolds
  3 quokkas
  6 bats
  7 frilled lizards
  6 rats
124 creatures vanquished.

Notes
Turn   | Place    | Note
-------+----------+-------------------------------------------
     0 | D:1      | siradein the Vampire Gladiator began the quest for the Orb.
     0 | D:1      | Reached XP level 1. HP: 16/16 MP: 1/1
   219 | D:1      | Reached skill level 4 in Short Blades
   219 | D:1      | Reached XP level 2. HP: 22/22 MP: 2/2
   856 | D:2      | Gained mutation: You are afflicted with vampirism and can
                  | become a bat while bloodless. [Vampire growth]
   856 | D:2      | Reached XP level 3. HP: 27/27 MP: 3/3
   910 | D:2      | Reached skill level 5 in Short Blades
  1027 | D:2      | Found a bloodstained altar of Trog.
  1185 | D:2      | Reached XP level 4. HP: 33/33 MP: 4/4
  1614 | D:3      | Reached skill level 6 in Short Blades
  2107 | D:3      | Noticed Natasha
  2116 | D:3      | Killed Natasha
  2117 | D:3      | Reached XP level 5. HP: 37/38 MP: 5/5
  2570 | D:4      | Found a staircase to the Ecumenical Temple.
  2583 | Temple   | Entered the Ecumenical Temple
  2970 | D:3      | Noticed Natasha
  2979 | D:3      | Killed Natasha
  3055 | D:3      | Noticed Natasha
  3065 | D:3      | Killed Natasha
  3066 | D:3      | Reached skill level 7 in Short Blades
  3323 | D:4      | Reached XP level 6. HP: 44/44 MP: 6/6
  3481 | D:4      | Found an iron altar of Okawaru.
  3678 | D:4      | Noticed an ice beast
  3723 | D:5      | Entered Level 5 of the Dungeon
  3836 | D:5      | Reached skill level 8 in Short Blades
  4506 | D:5      | Reached XP level 7. HP: 41/49 MP: 7/7
  4548 | D:4      | Reached skill level 9 in Short Blades
  5249 | D:5      | Reached skill level 10 in Short Blades
  5889 | D:5      | Found a blossoming altar of Fedhas.
  5984 | D:5      | Reached XP level 8. HP: 27/55 MP: 8/8
  6220 | D:5      | You fall into a shaft and drop 3 floors!
  6221 | D:8      | Noticed a hornet
  6443 | D:8      | Reached skill level 11 in Short Blades
  6554 | D:8      | Found a runed translucent gate.
  6557 | D:8      | Found a runed translucent gate.
  6558 | D:8      | Found a runed translucent gate.
  6558 | D:8      | Noticed NateTC's ghost (novice GrFi)
  6558 | D:8      | Noticed a nine-headed hydra
  6775 | D:8      | HP: 1/55 [hornet (7)]
  6777 | D:8      | Succumbed to a hornet's poison

Illustrated notes

Levels and vault maps discovered:
D:1:      giann_bridges, layout_loops_ring
D:2:      minmay_chambers_of_twos, layout_basic, basic_altar
D:3:      layout_basic, overflow_temple_1_default, serial_corexii_hall,
          corexii_hall_statues_l, corexii_hall_statues_x,
          corexii_hall_statues_deadend, chequers_hall_statues_corner_a,
          chequers_hall_statues_wall_a, chequers_hall_statues_wall_a,
          uniq_natasha
D:4:      layout_rooms, lemuel_tele_altar, minmay_temple_entry_trees
D:5:      layout_basic, kennysheep_mini_moat, serial_shops, shop,
          minmay_misc_feat_diagonals
D:8:      layout_loops_ring, general_overflow_altar,
          nicolae_yredelemnul_corpse_copse, gammafunk_ghost_hydra_chop,
          abandoned_shop, nzn_life_drinkers
Temple:   jpeg_temple_alley_garden

Skill      XL: |  1  2  3  4  5  6  7  8 |
---------------+-------------------------+-----
Short Blades   | 4 5 6 7 8 10 11 | 11.2
Fighting       | |  1.7
Throwing       | |  1.5
Dodging        | |  3.2

Action                   |  1- 3 |  4- 6 |  7- 9 || total
-------------------------+-------+-------+-------++-------
Melee: Rapier            |   112 |   242 |    87 ||   441
       Bite              |     9 |    35 |    21 ||    65
       Short sword       |       |       |    50 ||    50
 Fire: Shortbow          |       |     4 |       ||     4
Throw: Stone             |    60 |    54 |     6 ||   120
       Dart              |       |       |    12 ||    12
  Use: Potion            |       |     1 |     1 ||     2
       Scroll            |       |       |     5 ||     5
 Stab: Sleeping          |     1 |       |       ||     1
Armor: Leather armour    |    44 |    39 |       ||    83
       Scale mail        |       |     5 |     1 ||     6
       Ring mail         |       |       |    33 ||    33
Dodge: Dodged            |    74 |   131 |    60 ||   265

Table legend: (Time is in decaauts)
 A = Elapsed time spent in this place.
 B = Non-inter-level travel time spent in this place.
 C = Inter-level travel time spent in this place.
 D = Time resting spent in this place.
 E = Time spent auto-exploring this place.
 F = Levels seen in this place.
 G = Mean time per level.
                   A        B        C        D        E       F      G
               +--------+--------+--------+--------+--------+-----+--------+
         Total |   6716 |   6573 |    143 |    572 |   4240 |   7 |  959.4 |
       Dungeon |   6487 |   6398 |     89 |    572 |   4065 |   6 | 1081.2 |
        Temple |    229 |    175 |     54 |      0 |    175 |   1 |  229.0 |
               +--------+--------+--------+--------+--------+-----+--------+

Top non-repeatable levels by time:
     D:5: 2056 daAuts
     D:3: 1405 daAuts
     D:4: 1030 daAuts
     D:1: 857 daAuts
     D:2: 601 daAuts
     D:8: 536 daAuts
  Temple: 229 daAuts
